 Dungeon Crawl Stone Soup version 0.31.0-32-g396128a36d (webtiles) character file.

Game seed: 686967361924488301

47810 Silvore the Peltast (level 14, -7/126 HPs)
             Began as a Minotaur Fighter on Mar 12, 2024.
             Was a High Priest of the Shining One.
             Killed from afar by a lightning spire (22 damage)
             ... with a bolt of electricity
             ... in a Gauntlet.
             The game lasted 00:24:38 (14103 turns).

Silvore the Peltast (Minotaur Fighter)             Turns: 14103, Time: 00:24:39

Health: -7/126     AC: 36    Str: 37    XL:     14   Next: 9%
Magic:  13/13      EV: 10    Int:  5    God:    the Shining One [*****.]
Gold:   1755       SH: 21    Dex: 13    Spells: 13/13 levels left

rFire   + + .        l - +3 mace (protect)
rCold   + . .        H - +2 shield of Resistance {rF++ rC++ Will++}
rNeg    + + .        i - +6 plate armour of a Labyrinth {Dex+4}
rPois   .            x - +1 hat of Eternal Vigilance {rC- Str+4 Slay+6}
rElec   .            A - +0 cloak
rCorr   .            g - +0 pair of gloves
SInv    .            k - +2 pair of boots
Will    ++++.        o - amulet of reflection Stlth
                     F - +6 ring of strength
HPRegen 0.41/turn    w - ring of willpower
MPRegen 0.13/turn

%: no teleportation, reflection
@: under a protective aura, glowing
A: horns 2, retaliatory headbutt
a: Renounce Religion, Divine Shield, Cleansing Flame, Summon Divine Warrior


You were in a Gauntlet.
You worshipped the Shining One.
The Shining One was extremely pleased with you.
You visited 3 branches of the dungeon, and saw 17 of its levels.
You also visited: Sewer and Gauntlet.

You collected 2084 gold pieces.
You spent 66 gold pieces at shops.
You donated 263 gold pieces to Zin.

Inventory:

Hand Weapons
 l - a +3 mace of protection (weapon)
Missiles
 G - a throwing net (quivered)
Armour
 c - a +3 buckler
 g - a +0 pair of gloves (worn)
 i - the +6 plate armour of a Labyrinth (worn) {Dex+4}
   (You found it on level 4 of the Dungeon)

   Dex+4:     It affects your dexterity (+4).
 k - a +2 pair of boots (worn)
 x - the +1 hat of Eternal Vigilance (worn) {rC- Str+4 Slay+6}
   (You acquired it on level 7 of the Dungeon)

   Str+4:     It affects your strength (+4).
   Slay+6:    It affects your accuracy & damage with ranged weapons and melee
   (+6).
   rC-:       It makes you vulnerable to cold.
 A - a +0 cloak (worn)
 H - the +2 shield of Resistance (worn) {rF++ rC++ Will++}
   (You found it on level 9 of the Dungeon)

   rF++:      It greatly protects you from fire.
   rC++:      It greatly protects you from cold.
   Will++:    It greatly increases your willpower.
Jewellery
 o - an amulet of reflection (around neck)
 q - a ring of wizardry
 w - a ring of willpower (right hand)
 F - a +6 ring of strength (left hand)
Scrolls
 a - a scroll of enchant armour
 e - 2 scrolls of fear
 n - 7 scrolls of butterflies
 r - 5 scrolls of teleportation
 s - 2 scrolls of fog
 z - a scroll of amnesia
 D - 5 scrolls of poison
 I - 6 scrolls of identify
Potions
 b - a potion of enlightenment
 d - a potion of berserk rage
 f - a potion of resistance
 h - 3 potions of lignification
 j - 4 potions of mutation
 m - 2 potions of heal wounds
 p - 3 potions of degeneration
 t - 3 potions of invisibility
 u - a potion of magic
 v - a potion of cancellation
 B - a potion of haste
 C - a potion of curing
Miscellaneous
 E - a phantom mirror


   Skills:
 + Level 12.0 Fighting
 + Level 15.6 Maces & Flails
 + Level 12.5 Armour
 + Level 3.4 Dodging
 + Level 0.9 Stealth
 + Level 18.7 Shields


You had 13 spell levels left.
You didn't know any spells.
Your spell library contained the following spells:

 Spells                   Type           Power      Damage    Failure   Level
 Magic Dart               Conj           0%         1d3       96%         1
 Shock                    Conj/Air       0%         1d3       96%         1
 Blink                    Tloc           0%         N/A       99%         2
 Call Imp                 Summ           0%         N/A       99%         2
 Sublimation of Blood     Necr           0%         N/A       99%         2
 Swiftness                Air            0%         N/A       100%        3
 Tukima's Dance           Hex            0%         N/A       100%        3
 Volatile Blastmotes      Fire/Tloc      0%         2d10      100%        3
 Airstrike                Air            0%         2d(0-16)  100%        4
 Fulminant Prism          Conj/Alch      0%         3d5       100%        4
 Iskenderun's Mystic Bla  Conj/Tloc      0%         2d3       100%        4
 Passage of Golubria      Tloc           0%         N/A       100%        4
 Yara's Violent Unravell  Hex/Alch       0%         3d3       100%        5
 Summon Hydra             Summ           0%         N/A       100%        7


Dungeon Overview and Level Annotations

Branches:
Dungeon (15/15)            Temple (1/1) D:7            Lair (1/5) D:10
    Orc (0/2) D:10         Vaults (0/5) D:13         Depths (0/4) D:15
  Sewer (visited)         Gauntlet (1/1)

Altars:
Ashenzari
Cheibriados
Dithmenos
Elyvilon
Fedhas
Gozag
Hepliaklqana
Kikubaaqudgha
Makhleb
Nemelex Xobeh
Okawaru
Qazlal
Ru
Sif Muna
Trog
Uskayaw
Vehumet
Wu Jian
Xom
Yredelemnul
Zin
The Shining One
Lugonu

Shops:
D:1 :   D:2 *

Annotations:
D:9 1 runed translucent door Gauntlet 13 transporters, 17 runed translucent doors, exclusion: 2 lightning spires


Innate Abilities, Weirdness & Mutations

You have a pair of horns on your head.
You reflexively headbutt those who attack you in melee.


Message History

You hit the raiju.
Your weapon exudes an aura of protection.
You kill the raiju!
You see here a raiju corpse.
You start resting.
HP restored.
The lightning spire shoots out a bolt of lightning at you!
The bolt of electricity hits the lightning spire.
The lightning spire completely resists.
The bolt of electricity hits you! x2
The lightning spire shoots out a bolt of lightning at you!
The bolt of electricity hits the lightning spire.
The lightning spire completely resists.
The bolt of electricity hits you! x2
You sock the lightning spire!
Your weapon exudes an aura of protection.
The lightning spire is moderately damaged.
You sock the lightning spire!
The lightning spire is moderately damaged.
The lightning spire shoots out a bolt of lightning at you!
The bolt of electricity hits you! The bolt of electricity hits you.
The bolt of electricity hits the lightning spire.
The lightning spire completely resists.
You hit the lightning spire but do no damage.
The lightning spire is moderately damaged.
You thump the lightning spire!
The lightning spire is heavily damaged.
The lightning spire shoots out a bolt of lightning at you!
The bolt of electricity hits you! The bolt of electricity misses you.
The bolt of electricity hits the lightning spire.
The lightning spire completely resists.
The lightning spire shoots out a bolt of lightning at you!
The bolt of electricity hits the lightning spire.
The lightning spire completely resists.
The bolt of electricity hits you!!
* * * LOW HITPOINT WARNING * * *
The bolt of electricity hits you! The Shining One protects you from harm!
You sock the lightning spire! You headbutt the lightning spire!
The lightning spire is almost destroyed.
The lightning spire shoots out a bolt of lightning at you!
The bolt of electricity hits you!!
You die...

#################################
......#.#.........#.###*#..##x#.#
#.##..#.#.......†.#.###.##.##.#.#
. .##.#.#.#######.#.#.........#.#
....#.#.##.#.#.#.##.#x##.##©###.#
.©....#.#....©....#.#*##.##.###.#
....#.#.#.#.#.#.#.#.#x..#.....#.#
...##.#.#.#######.#.##.#####.##.#
#.##.y#.#....8.8@.#.##.##.##x##.#
(©[[yy#.#..[}©.?..#.#..!}©.=*x#.#
#######.###########.###########.#
.................................
......§∩≈........................
#################################
...............≈##8# #8# #8# #8#
§.©.©.©.©.©.©..8#### ### ### ###
...............≈#


You could see 2 lightning spires, a wretched star and 2 small abominations.

Vanquished Creatures
  Rupert (D:13)
  Frances (D:13)
  The ghost of Jussuw Iff the Blasphemer, an adept KoGl of Zin (D:15)
  An ettin (D:15)
  Josephine (D:11)
  An entropy weaver (shapeshifter) (D:15)
  3 hydras
  An ogre mage (D:15)
  7 centaur warriors
  6 two-headed ogres
  2 dancing weapons (D:13)
  5 boulder beetles
  3 tengu warriors
  An occultist (D:15)
  Lodul (D:10)
  A swamp dragon (shapeshifter) (D:15)
  A deep troll (D:15)
  A mana viper (shapeshifter) (D:15)
  3 deep elf pyromancers
  A necromancer (Gauntlet)
  6 cyclopes
  3 manticores
  An elephant (D:10)
  Maggie (D:8)
  2 unseen horrors
  2 gargoyles
  An efreet (D:14)
  4 komodo dragons
  2 tengu conjurers
  A freezing wraith (D:15)
  Psyche (D:10)
  5 trolls
  Prince Ribbit (D:8)
  2 hornets (D:15)
  2 raiju (Gauntlet)
  14 slime creatures
  A shadow (D:12)
  2 wyverns
  Sigmund (D:3)
  11 yaks
  A spriggan (shapeshifter) (D:15)
  5 wraiths (D:11)
  7 vampire mosquitoes
  An acid dragon (D:11)
  3 water moccasins
  Duvessa (D:7)
  2 ice beasts
  A black bear (D:10)
  3 orc warriors (D:10)
  A boggart (D:15)
  A laughing skull (D:15)
  4 wolves (Gauntlet)
  13 ogres
  8 centaurs
  2 kobold brigands
  5 bullfrogs
  2 phantoms (D:5)
  4 gnoll sergeants
  3 scorpions
  Dowan (D:7)
  6 killer bees (D:9)
  5 howler monkeys
  2 hounds (D:5)
  A bombardier beetle (D:5)
  3 jellies (Sewer)
  2 gnoll boudas (D:5)
  4 orc priests
  A sleepcap (D:5)
  Jessica (D:3)
  An iguana (D:5)
  8 orc wizards
  31 gnolls
  17 adders
  3 river rats
  A shadow imp (D:6)
  4 dart slugs
  6 ribbon worms
  44 orcs
  6 ball pythons
  11 endoplasms
  10 giant cockroaches
  8 goblins
  8 hobgoblins
  4 jackals
  4 quokkas
  4 bats
  6 frilled lizards
  10 kobolds
  5 rats
389 creatures vanquished.

Vanquished Creatures (others)
  A deep elf pyromancer (D:15)
  An arcanist (D:7)
2 creatures vanquished.

Grand Total: 391 creatures vanquished

Notes
Turn   | Place    | Note
-------+----------+-------------------------------------------
     0 | D:1      | Silvore the Minotaur Fighter began the quest for the Orb.
     0 | D:1      | Reached XP level 1. HP: 19/19 MP: 0/0
   112 | D:1      | Found Unousm's Book Boutique.
   193 | D:1      | Reached XP level 2. HP: 13/27 MP: 1/1
   856 | D:2      | Found Cohuumiv's Assorted Antiques.
   989 | D:2      | Reached XP level 3. HP: 33/33 MP: 2/2
  1018 | D:2      | Identified the +6 chain mail "Duanag" {+Inv Int+2}
  1206 | D:2      | Bought a mace for 66 gold pieces
  1529 | D:3      | Reached skill level 4 in Shields
  1633 | D:3      | Noticed Sigmund
  1654 | D:3      | Killed Sigmund
  1655 | D:3      | Reached skill level 5 in Armour
  1655 | D:3      | Reached XP level 4. HP: 36/41 MP: 3/3
  1655 | D:3      | Reached XP level 5. HP: 41/47 MP: 4/4
  1867 | D:3      | Reached XP level 6. HP: 53/53 MP: 5/5
  1924 | D:3      | Noticed Jessica
  1929 | D:3      | Killed Jessica
  1930 | D:3      | Reached skill level 5 in Maces & Flails
  2318 | D:4      | Identified the +6 plate armour of a Labyrinth {Dex+4}
  2424 | D:4      | Reached skill level 5 in Shields
  2692 | D:5      | Entered Level 5 of the Dungeon
  2792 | D:5      | Reached XP level 7. HP: 26/60 MP: 6/6
  3013 | D:5      | Reached skill level 6 in Shields
  3029 | D:5      | Reached skill level 1 in Dodging
  3293 | D:5      | Reached skill level 5 in Fighting
  3530 | D:5      | Found a snail-covered altar of Cheibriados.
  3912 | D:6      | Found a burning altar of Makhleb.
  3966 | D:6      | Reached XP level 8. HP: 65/65 MP: 7/7
  3998 | D:6      | Found a glowing drain.
  4006 | Sewer    | Entered a sewer
  4245 | Sewer    | Reached skill level 7 in Shields
  4247 | Sewer    | Found a viscous altar of Jiyva.
  4416 | D:6      | Found a stormy altar of Qazlal.
  4654 | D:6      | Found a radiant altar of Vehumet.
  4808 | D:6      | Identified the +0 whip "Qihaxkosmimn" {antimagic, Stlth+}
  4864 | D:6      | Reached skill level 8 in Shields
  5044 | D:7      | Noticed Duvessa
  5044 | D:7      | Noticed Dowan
  5051 | D:7      | Killed Duvessa
  5063 | D:7      | Killed Dowan
  5080 | D:7      | Noticed a +0 short sword
  5081 | D:7      | Noticed a +0 spear
  5081 | D:7      | Noticed a +0 dagger
  5081 | D:7      | Noticed a +0 dagger
  5083 | D:7      | Noticed a +0 falchion
  5083 | D:7      | Noticed a +0 spear
  5084 | D:7      | Noticed a +0 short sword
  5084 | D:7      | Noticed a +0 falchion
  5114 | D:7      | Found a hide-covered altar of Uskayaw.
  5198 | D:7      | Reached XP level 9. HP: 57/75 MP: 8/8
  5332 | D:7      | Found a staircase to the Ecumenical Temple.
  5346 | D:7      | Found a hazy altar of Hepliaklqana.
  5375 | Temple   | Entered the Ecumenical Temple
  5391 | Temple   | Became a worshipper of Zin the Law-Giver
  5391 | Temple   | Reached * piety under Zin
  5595 | D:7      | Found an opulent altar of Gozag.
  5820 | D:7      | Reached skill level 9 in Shields
  5837 | D:7      | Found a bloodstained altar of Trog.
  5935 | D:7      | Noticed a wizard
  5937 | D:7      | Killed a wizard
  5978 | D:7      | Identified a scroll of acquirement
  5978 | D:7      | Acquired the +1 hat of Eternal Vigilance {rC- Str+4 Slay+6}
  6137 | D:8      | Reached ** piety under Zin
  6237 | D:8      | Noticed Maggie
  6257 | D:8      | Killed Maggie
  6370 | D:8      | Noticed Prince Ribbit
  6378 | D:8      | Killed Prince Ribbit
  6573 | D:8      | Reached skill level 10 in Maces & Flails
  6942 | D:9      | Reached skill level 10 in Shields
  7005 | D:9      | Found a sacrificial altar of Ru.
  7097 | D:9      | Reached XP level 10. HP: 84/84 MP: 9/9
  7240 | D:9      | Found a runed translucent door.
  7245 | D:9      | Noticed a fire dragon
  7248 | D:9      | Noticed an ice dragon
  7249 | D:9      | Found the +2 shield of Resistance {rF++ rC++ Will++}
  7253 | D:9      | Noticed an ice dragon
  7253 | D:9      | Noticed a fire dragon
  7294 | D:9      | Found a runed translucent door.
  7306 | D:9      | Identified the +6 dagger "Pipn" {antimagic, Will+ Int+3}
  7339 | D:9      | Found a basalt altar of Yredelemnul.
  7346 | D:9      | Found a sparkling altar of Nemelex Xobeh.
  7365 | D:9      | Found a shadowy altar of Dithmenos.
  7376 | D:9      | Reached *** piety under Zin
  7612 | D:10     | Entered Level 10 of the Dungeon
  7896 | D:10     | Reached skill level 11 in Shields
  8136 | D:10     | Found a glowing golden altar of the Shining One.
  8155 | D:10     | Noticed Psyche
  8162 | D:10     | Killed Psyche
  8176 | D:10     | Found a blossoming altar of Fedhas.
  8225 | D:10     | Found a staircase to the Orcish Mines.
  8268 | D:10     | Donated 194 gold pieces to Zin
  8321 | D:10     | Found a staircase to the Lair.
  8321 | D:10     | Noticed an elephant
  8335 | D:10     | Killed an elephant
  8336 | D:10     | Reached skill level 12 in Shields
  8336 | D:10     | Reached XP level 11. HP: 89/94 MP: 10/10
  8648 | D:10     | Noticed Lodul
  8665 | D:10     | Killed Lodul
  8684 | D:10     | Reached **** piety under Zin
  8684 | D:10     | Reached ***** piety under Zin
  8870 | D:10     | Fell from the grace of Zin
  8870 | D:10     | Became a worshipper of the Shining One
  8870 | D:10     | Reached * piety under the Shining One
  8870 | D:10     | Reached ** piety under the Shining One
  8923 | D:11     | Noticed a two-headed ogre
  8933 | D:11     | Killed a two-headed ogre
  8994 | D:11     | Reached skill level 13 in Shields
  9047 | D:11     | Reached *** piety under the Shining One
  9216 | D:11     | Noticed Josephine
  9233 | D:11     | Killed Josephine
  9234 | D:11     | Reached skill level 10 in Armour
  9726 | D:12     | You fall into a shaft and drop 1 floor!
  9761 | D:13     | Identified the maw talisman of the Snake Pit {rF+}
  9761 | D:13     | Noticed Rupert
  9763 | D:13     | Noticed a six-headed hydra
  9791 | D:12     | Reached skill level 14 in Shields
 10114 | D:12     | Reached **** piety under the Shining One
 10115 | D:12     | Reached XP level 12. HP: 103/103 MP: 11/11
 10483 | D:13     | Noticed a two-headed ogre
 10489 | D:13     | Killed a two-headed ogre
 10536 | D:13     | Found a gate to the Vaults.
 10542 | D:13     | Reached skill level 15 in Shields
 10606 | D:13     | Noticed Frances
 10624 | D:13     | Killed Frances
 10663 | D:13     | Noticed a centaur warrior
 10666 | D:13     | Killed a centaur warrior
 10695 | D:13     | Noticed a centaur warrior
 10701 | D:13     | Killed a centaur warrior
 10757 | D:13     | Noticed a boulder beetle
 10797 | D:13     | Killed Rupert
 10798 | D:13     | Reached skill level 10 in Fighting
 10798 | D:13     | Reached skill level 16 in Shields
 10813 | D:13     | Killed a boulder beetle
 10851 | D:13     | Killed a six-headed hydra
 10863 | D:13     | Noticed a centaur warrior
 10873 | D:13     | Killed a centaur warrior
 10874 | D:13     | Reached XP level 13. HP: 53/114 MP: 12/12
 11819 | D:14     | Reached skill level 15 in Maces & Flails
 11906 | D:14     | Reached skill level 17 in Shields
 12118 | D:15     | Entered Level 15 of the Dungeon
 12130 | D:15     | Reached ***** piety under the Shining One
 12527 | D:15     | Reached skill level 18 in Shields
 12555 | D:15     | Noticed an ettin
 12562 | D:15     | Killed an ettin
 12951 | D:15     | Found a staircase to the Depths.
 13019 | D:15     | Found a large runed translucent door.
 13019 | D:15     | Found a large runed translucent door.
 13021 | D:15     | Noticed Jussuw Iff's ghost (adept KoGl)
 13059 | D:15     | Killed Jussuw Iff's ghost
 13060 | D:15     | Reached XP level 14. HP: 54/125 MP: 13/13
 13358 | D:15     | Acquired 994 gold pieces
 13511 | Lair:1   | Entered Level 1 of the Lair of Beasts
 13523 | Lair:1   | Found a gate leading to a gauntlet.
 13532 | Gauntlet | Entered a Gauntlet
 13532 | Gauntlet | Found a transporter.
 13532 | Gauntlet | Found a large runed translucent door.
 13532 | Gauntlet | Found a large runed translucent door.
 13532 | Gauntlet | Found a large runed translucent door.
 13532 | Gauntlet | Found a large runed translucent door.
 13532 | Gauntlet | Found a runed translucent door.
 13532 | Gauntlet | Found a runed translucent door.
 13532 | Gauntlet | Found a large runed translucent door.
 13532 | Gauntlet | Found a large runed translucent door.
 13532 | Gauntlet | Found a large runed translucent door.
 13532 | Gauntlet | Found a large runed translucent door.
 13532 | Gauntlet | Found a large runed translucent door.
 13532 | Gauntlet | Found a large runed translucent door.
 13533 | Gauntlet | Found a large runed translucent door.
 13533 | Gauntlet | Found a large runed translucent door.
 13534 | Gauntlet | Found a large runed translucent door.
 13534 | Gauntlet | Found a large runed translucent door.
 13534 | Gauntlet | Found a large runed translucent door.
 13534 | Gauntlet | Found a large runed translucent door.
 13538 | Gauntlet | Found a runed translucent gate.
 13538 | Gauntlet | Found a runed translucent gate.
 13538 | Gauntlet | Found a runed translucent gate.
 13540 | Gauntlet | Found a transporter.
 13542 | Gauntlet | Found a transporter.
 13544 | Gauntlet | Found a transporter.
 13562 | Gauntlet | Found a transporter.
 13577 | Gauntlet | Found a transporter.
 13585 | Gauntlet | Found a transporter.
 13601 | Gauntlet | Found a transporter.
 13621 | Gauntlet | Found a transporter.
 13633 | Gauntlet | Found a transporter.
 13645 | Gauntlet | Found a transporter.
 13658 | Gauntlet | Found a transporter.
 13670 | Gauntlet | Found a transporter.
 13695 | Gauntlet | Found a transporter.
 13713 | Gauntlet | Found a transporter.
 13715 | Gauntlet | Found a transporter.
 13754 | Gauntlet | Found a transporter.
 13756 | Gauntlet | Found a transporter.
 14102 | Gauntlet | The Shining One protects you from harm!
 14103 | Gauntlet | Killed from afar by a lightning spire

Illustrated notes

Levels and vault maps discovered:
D:1:      dpeg_arrival_houses_and_road, layout_basic, serial_shops, shop,
          hangedman_decor_opposing
D:2:      layout_basic, serial_shops, shop, minmay_distorted
D:3:      layout_basic, st_stairs_7, chequers_serial_rivers_small_b,
          uniq_sigmund, uniq_jessica
D:4:      layout_cave_pools
D:5:      layout_loops_ring, lemuel_round_altar, serial_rivers,
          chequers_serial_rivers_micro_e, chequers_serial_rivers_marsh,
          chequers_serial_rivers_micro_a, chequers_serial_rivers_marsh,
          chequers_serial_rivers_small_b, kennysheep_generic_room_7
D:6:      layout_rooms, lemuel_tele_altar, lemuel_coloured_pillars_altar,
          mainiacjoe_overflow_alcove_1, lightli_sewer_entry_pipes,
          kennysheep_small_square
D:7:      layout_cave_pods, trog_wizard, nicolae_uskayaw_en_pointe,
          lemuel_round_altar, mainiacjoe_overflow_six_doors_small,
          minmay_temple_entry_large_hall, uniq_duvessa
D:8:      layout_loops_corners, nicolae_nh_ransacked_shop, uniq_maggie,
          uniq_prince_ribbit1
D:9:      layout_cave_pools, nemelex_xobeh_ov_fountains_minmay,
          nicolae_ru_awakened_eye, mainiacjoe_overflow_big_doors,
          minmay_guarded_unrand_resistance
D:10:     layout_irregular_city, mainiacjoe_overflow_cross_hatched,
          fedhas_altar_2, grunt_lair_entry_orc_guard_hut, david_orc_5,
          minivault_23, uniq_psyche, uniq_lodul
D:11:     layout_basic, uniq_josephine
D:12:     layout_gridville
D:13:     layout_basic, erik_vaults_1, uniq_frances, uniq_rupert
D:14:     layout_loops_ring, nicolae_titane, grunt_ministairs_9
D:15:     hangedman_depths_entry_civil_slaughter, layout_rooms,
          ebering_ghost_disaster_area, minivault_28
Temple:   corrupted_temple
Lair:1:   layout_regular_city, gauntlet_entry_generic,
          grunt_forest_large_clearings, grunt_megastairs_5
Gauntlet: gammafunk_gauntlet_one_two_three
          [minmay_gauntlet_arena_make_your_own_arena, nicolae_gauntlet_arena_x,
          nicolae_gauntlet_swirl, gammafunk_gauntlet_arena_mazey,
          gammafunk_gauntlet_arena_hedges,
          gammafunk_gauntlet_arena_split_diamond,
          gammafunk_gauntlet_arena_teeth, gammafunk_gauntlet_arena_crates,
          nicolae_gauntlet_arena_t_cross, gauntlet_exit_hidden_loot]

Skill      XL: |  1  2  3  4  5  6  7  8  9 10 11 12 13 14 |
---------------+-------------------------------------------+-----
Armour         | 4 5 6 8 9 10 11 12 | 12.5
Fighting       | 4 5 6 8 10 11 12 | 12.0
Maces & Flails | 3 4 5 7 9 10 12 13 14 15 | 15.6
Shields        | 4 5 6 8 10 12 14 16 18 | 18.7
Dodging        | 1 2 3 |  3.4
Stealth        | |  0.9

Action                     |  1- 3 |  4- 6 |  7- 9 | 10-12 | 13-15 || total
---------------------------+-------+-------+-------+-------+-------++-------
  Melee: Flail             |    58 |       |       |       |       ||    58
         Headbutt          |    16 |    19 |    72 |   137 |   103 ||   347
         Mace              |    46 |   121 |   393 |   444 |   289 ||  1293
 Invoke: Donate Gold       |       |       |       |     1 |       ||     1
    Use: Scroll            |    10 |     3 |    11 |     5 |     6 ||    35
         Potion            |     1 |     1 |       |     1 |     2 ||     5
 Armour: Scale mail        |    30 |       |       |       |       ||    30
         Chain mail        |    29 |       |       |       |       ||    29
         Plate armour      |    23 |    60 |   236 |   227 |   199 ||   745
  Dodge: Dodged            |    47 |    22 |    83 |    65 |    58 ||   275
  Block: Buckler           |    34 |    95 |   254 |    57 |       ||   440
         Reflection        |       |     1 |    13 |    18 |    13 ||    45
         Kite shield       |       |       |       |   433 |   309 ||   742
